 Dungeon Crawl Stone Soup version 0.24.1-11-gbbbb2193e6 (webtiles) character file.

Game seed: 8526636434128005755, levelgen mode: deterministic

3294 RaHiT the Slasher (level 9, -9/69 HPs)
             Began as a Demonspawn Chaos Knight on May 12, 2020.
             Was a Plaything of Xom.
             Killed by divine providence
             ... invoked by an orc priest
              (14 damage)
             ... on level 8 of the Dungeon.
             The game lasted 00:28:43 (7214 turns).

RaHiT the Slasher (Demonspawn Chaos Knight)         Turns: 7214, Time: 00:28:44

Health: -9/69      AC: 14    Str: 25    XL:     9   Next: 69%
Magic:  12/12      EV:  9    Int: 10    God:    Xom [*.....]
Gold:   472        SH:  4    Dex: 12    Spells: 8/8 levels left

rFire    . . .     SeeInvis .   a - +0 falchion (chaos)
rCold    . . .     Gourm    .   (no shield)
rNeg     . . .     Faith    .   D - +0 plate armour
rPois    .         Spirit   .   (helmet unavailable)
rElec    .         Reflect  +   A - +0 cloak
rCorr    .         Harm     .   l - +0 pair of gloves
MR       .....                  (no boots)
Stlth    ..........             f - +4 amulet of reflection
HPRegen  0.21/turn              E - -3 ring of intelligence (curse)
MPRegen  0.13/turn              t - +4 ring of strength

@: very slightly contaminated
A: fangs 1, horns 3, demonic guardian 1, mutation resistance 2, sense
surroundings 1, powered by death 1, strong 2, wild magic 1, no potion heal 1
a: Renounce Religion


You were on level 8 of the Dungeon.
You worshipped Xom.
You were a special plaything of Xom.
You were not hungry.

You visited 1 branch of the dungeon, and saw 8 of its levels.

You collected 487 gold pieces.
You spent 15 gold pieces at shops.

Inventory:

Hand Weapons
 a - a +0 falchion of chaos (weapon)
 j - a +1 dagger of electrocution
 m - a +0 long sword
 x - a +2 dagger of venom
 C - a +2 dagger of electrocution
Missiles
 u - 18 poisoned darts
 y - 5 boomerangs (quivered)
 H - 2 curare-tipped darts
Armour
 l - a +0 pair of gloves (worn)
 A - a +0 cloak (worn)
 D - a +0 plate armour (worn)
Jewellery
 f - a +4 amulet of reflection (around neck)
 g - an uncursed ring of flight
 t - a +4 ring of strength (right hand)
 E - a cursed -3 ring of intelligence (left hand)
 F - an uncursed ring of protection from cold
 G - a +3 ring of intelligence
Wands
 w - a wand of flame (26)
Scrolls
 b - a scroll of identify
 i - 2 scrolls of immolation
 k - 5 scrolls of remove curse
 n - 6 scrolls of teleportation
 q - 2 scrolls of magic mapping
 s - a scroll of blinking {unknown}
 z - 2 scrolls of amnesia {unknown}
Potions
 d - a potion of flight
 e - 2 potions of lignification
 h - 2 potions of magic
 p - 5 potions of curing
 r - 2 potions of agility {unknown}
 v - 3 potions of mutation
 B - a potion of brilliance {unknown}
Comestibles
 c - 13 rations
 o - 20 chunks of flesh


   Skills:
 + Level 6.0 Fighting
 * Level 7.4 Long Blades
 + Level 4.5 Throwing
 + Level 5.0 Armour
 + Level 4.6 Dodging
 + Level 4.8 Evocations


You had 8 spell levels left.
You didn't know any spells.
Your spell library contained the following spells:

 Spells                   Type           Power        Failure   Level  Hunger
 Beastly Appendage        Tmut           #.....       100%        1    ##.....
 Corona                   Hex            #......      100%        1    ##.....
 Ensorcelled Hibernation  Hex/Ice        #.....       100%        2    ###....
 Sticks to Snakes         Tmut           #.......     100%        2    ###....
 Confuse                  Hex            #.......     100%        3    ####...
 Dazzling Spray           Conj/Hex       #.....       100%        3    ####...
 Spider Form              Tmut/Pois      #.........   100%        3    ####...
 Tukima's Dance           Hex            #.......     100%        3    ####...
 Ice Form                 Ice/Tmut       #.......     100%        4    #####..
 Blade Hands              Tmut           #.........   100%        5    ######.


Dungeon Overview and Level Annotations

Branches:
Dungeon (8/15)             Temple (0/1) D:4
   Lair: D:8-11

Altars:
Gozag
Ru
Sif Muna
Xom
Yredelemnul
Zin

Shops:
D:5 *   D:6 !


Innate Abilities, Weirdness & Mutations

You have a pair of large horns on your head.
A weak demonic guardian rushes to your aid.
You regenerate a little health from kills.
You have very sharp teeth.
You are somewhat resistant to both further mutation and mutation removal.
You passively map a small area around you.
Your muscles are very strong. (Str +4)
Your spells are a little harder to cast, but a little more powerful.
Potions are less effective at restoring your health.


Message History

* * * LOW HITPOINT WARNING * * *
Unknown command.
You flicker for a moment.
The orc warrior hits your orc wizard zombie with a +0 halberd!!
Your orc wizard zombie is destroyed!
The orc closely misses you.
Items here: )) [ † a +0 dagger; a +0 ring mail; a +0 hand axe; an orc corpse
Items here: ) [[ ÷ a +0 short sword; a +0 scale mail; a +0 robe; an orc skeleton You flicker back into view.
You see here an orc skeleton.
The orc priest invokes the aid of Beogh against you.
Beogh smites you!
* * * LOW HITPOINT WARNING * * *
Items here: )))) [[ ÷÷ The orc priest mumbles some strange prayers to Beogh against you.
Beogh smites you!
You die...
Xom roars with laughter!

, #################
#...............#
#.###########.### ***###
*#.....[.......### , ,
....####.#####.......# *
#....#÷.......######
#.#############....#####.#
#.......oo.÷o.@....#####.# ,
#.......o######5#........##
..######).#####.#...###...##
*#o........##..##.#....## *
* , #ooo......# #....####...
,*#.o.%.....# ###.## * ##
#..o......# #....######. ,
#..........##.##........ ,
.....#.............#####


You could see an orc warrior, an orc priest, an orc wizard, an orc and a
friendly ufetubus.

Vanquished Creatures
  Joseph (D:7)
  4 hogs (D:7)
  A human (D:7)
  2 orc warriors
  3 ice beasts
  2 centaurs
  3 bullfrogs
  2 scorpions
  2 crimson imps
  4 hounds
  3 bullfrog skeletons
  6 orc priests
  8 orc wizards
  2 iguanas (D:6)
  4 worker ants
  2 hound skeletons
  A howler monkey zombie (D:6)
  A worker ant zombie (D:5)
  7 gnolls
  10 adders
  3 shadow imps
  3 oozes
  An adder zombie (D:6)
  2 adder skeletons
  4 worms
  4 dart slugs
  4 leopard geckos
  34 orcs
  6 bats
  2 giant cockroaches
  6 goblins
  5 hobgoblins
  17 jackals
  8 kobolds
  4 quokkas
  A ball python (D:3)
  2 frilled lizards
  A leopard gecko skeleton (D:4)
  A quokka skeleton (D:4)
  15 rats
191 creatures vanquished.

Vanquished Creatures (collateral kills)
  A bullfrog (D:6)
  A water moccasin zombie (D:5)
  An orc priest (D:6)
  2 orc wizards (D:3)
  A worker ant (D:5)
  5 orcs (D:6)
11 creatures vanquished.

Vanquished Creatures (others)
  A gnoll (D:5)
1 creature vanquished.

Grand Total: 203 creatures vanquished

Notes
Turn   | Place    | Note
-------+----------+-------------------------------------------
     0 | D:1      | RaHiT the Demonspawn Chaos Knight began the quest for the
                  | Orb.
     0 | D:1      | Reached XP level 1. HP: 18/18 MP: 1/1
     9 | D:1      | Reached skill level 1 in Dodging
    45 | D:1      | Gained mutation: You have a pair of small horns on your
                  | head. [demonic ancestry]
    45 | D:1      | Reached XP level 2. HP: 24/24 MP: 2/2
    69 | D:1      | XOM: butterfly on damage
    72 | D:1      | Reached skill level 3 in Long Blades
   381 | D:1      | Gained mutation: You have a pair of horns on your head.
                  | [demonic ancestry]
   381 | D:1      | Reached XP level 3. HP: 29/29 MP: 3/3
   650 | D:2      | XOM: harmless Fire miscast
   702 | D:2      | XOM: confusion (+ monsters)
   812 | D:2      | Reached skill level 1 in Throwing
   820 | D:2      | Reached XP level 4. HP: 31/35 MP: 4/4
  1255 | D:2      | XOM: mild Necr miscast
  1293 | D:2      | XOM: give mutations
  1293 | D:2      | Gained mutation: Scrolls take you a little longer to read.
                  | [Xom's mischief]
  1293 | D:2      | Gained mutation: Potions are less effective at restoring
                  | your health. [Xom's mischief]
  1293 | D:2      | Gained mutation: You are frail. (-10% HP) [Xom's mischief]
  1492 | D:3      | Found a shimmering blue altar of Sif Muna.
  1498 | D:3      | XOM: cast spell 'Monstrous Menagerie'
  1509 | D:3      | Gained mutation: You regenerate a little health from kills.
                  | [demonic ancestry]
  1509 | D:3      | Reached XP level 5. HP: 19/36 MP: 5/5
  1543 | D:3      | XOM: scenery: 1 doors close
  1605 | D:3      | XOM: noise
  1705 | D:3      | XOM: harmless Tmut miscast
  1985 | D:3      | XOM: mild Tmut miscast
  2085 | D:3      | XOM: harmless Hex miscast
  2211 | D:4      | Found a staircase to the Ecumenical Temple.
  2232 | D:4      | You fall into a shaft and drop 3 floors!
  2265 | D:7      | Reached skill level 1 in Evocations
  2276 | D:7      | Noticed an orc warrior
  2288 | D:7      | XOM: enchant monster (bad)
  2295 | D:7      | XOM: butterfly on damage
  2302 | D:7      | XOM: enchant monster (good)
  2361 | D:6      | XOM: confusion
  2365 | D:6      | XOM: mild Necr miscast
  2369 | D:6      | Found a sacrificial altar of Ru.
  2386 | D:6      | Reached skill level 4 in Long Blades
  2435 | D:5      | Entered Level 5 of the Dungeon
  2463 | D:6      | XOM: noise
  2471 | D:6      | Reached XP level 6. HP: 38/43 MP: 6/6
  2484 | D:6      | Found Bulym's Distillery.
  2492 | D:6      | Bought a potion of degeneration for 15 gold pieces
  2613 | D:5      | XOM: summons 5 friendly demons
  2867 | D:4      | Found a shimmering altar of Xom.
  3067 | D:4      | You fall into a shaft and drop 1 floor!
  3103 | D:5      | XOM: medium Ice miscast
  3108 | D:5      | XOM: mild Conj miscast
  3242 | D:5      | Found an opulent altar of Gozag.
  3268 | D:5      | Found Gozag's Platinum Reserve.
  3293 | D:4      | Found a basalt altar of Yredelemnul.
  3654 | D:5      | XOM: butterfly on damage
  3734 | D:5      | Reached XP level 7. HP: 47/48 MP: 8/8
  3773 | D:5      | XOM: fog
  3781 | D:5      | XOM: torment (25/48 hp)
  3784 | D:5      | XOM: swap monsters
  4120 | D:5      | XOM: give mutations
  4120 | D:5      | Gained mutation: You have a pair of large horns on your
                  | head. [Xom's grace]
  4120 | D:5      | Gained mutation: Your muscles are strong. (Str +2) [Xom's
                  | grace]
  4120 | D:5      | Gained mutation: Your spells are a little harder to cast,
                  | but a little more powerful. [Xom's grace]
  4379 | D:5      | XOM: cast spell 'Alistair's Intoxication'
  4395 | D:5      | XOM: mild Ice miscast
  4466 | D:5      | XOM: summons 3 hostile demons
  4468 | D:4      | XOM: harmless Air miscast
  4626 | D:4      | XOM: give mutations
  4626 | D:4      | Gained mutation: You passively map a small area around you.
                  | [Xom's grace]
  4626 | D:4      | Gained mutation: You are agile. (Dex +2) [Xom's grace]
  5071 | D:6      | Reached skill level 5 in Long Blades
  5127 | D:6      | XOM: 2-stop teleportation journey
  5161 | D:6      | XOM: mild Tloc miscast
  5456 | D:6      | XOM: give mutations
  5456 | D:6      | Gained mutation: Your muscles are very strong. (Str +4)
                  | [Xom's grace]
  5456 | D:6      | Gained mutation: Your spells are harder to cast, but more
                  | powerful. [Xom's grace]
  5456 | D:6      | Gained mutation: You are somewhat resistant to further
                  | mutation. [Xom's grace]
  5563 | D:6      | XOM: confusion (+ monsters)
  5572 | D:6      | Reached XP level 8. HP: 20/54 MP: 10/10
  5857 | D:7      | XOM: cleaving
  5859 | D:7      | XOM: summons 2 friendly demons
  5862 | D:7      | XOM: divination: magic mapping
  5874 | D:7      | Reached skill level 5 in Fighting
  5874 | D:7      | Reached skill level 6 in Long Blades
  6242 | D:7      | Gained mutation: A weak demonic guardian rushes to your
                  | aid. [demonic ancestry]
  6242 | D:7      | Reached XP level 9. HP: 59/61 MP: 11/11
  6389 | D:7      | XOM: harmless Fire miscast
  6639 | D:7      | XOM: give mutations
  6639 | D:7      | Lost mutation: You are frail. (-10% HP) [Xom's mischief]
  6639 | D:7      | Gained mutation: You have very sharp teeth. [Xom's
                  | mischief]
  6639 | D:7      | Gained mutation: You are dopey. (Int -2) [Xom's mischief]
  6639 | D:7      | Lost mutation: You are agile. (Dex +2) [Xom's mischief]
  6664 | D:7      | XOM: silly message
  6681 | D:7      | XOM: swap monsters
  6682 | D:7      | Noticed Joseph
  6684 | D:7      | XOM: give mutations
  6684 | D:7      | Lost mutation: Scrolls take you a little longer to read.
                  | [Xom's mischief]
  6684 | D:7      | Lost mutation: Your spells are harder to cast, but more
                  | powerful. [Xom's mischief]
  6684 | D:7      | Lost mutation: You are dopey. (Int -2) [Xom's mischief]
  6686 | D:7      | XOM: destruction
  6690 | D:7      | XOM: confuse monster(s)
  6692 | D:7      | Killed Joseph
  6696 | D:7      | Reached skill level 7 in Long Blades
  6735 | D:7      | XOM: give mutation
  6735 | D:7      | Gained mutation: You are somewhat resistant to both further
                  | mutation and mutation removal. [Xom's grace]
  6768 | D:7      | XOM: scenery: 1 doors close
  6936 | D:8      | Found a glowing silver altar of Zin.
  6937 | D:8      | Noticed an angel
  6967 | D:8      | XOM: polymorph orc -> ooze
  7137 | D:8      | Reached skill level 5 in Armour
  7214 | D:8      | Killed from afar by an orc priest

Levels and vault maps discovered:
D:1:      dpeg_arrival_ratfight, layout_basic, grunt_decor_cap
D:2:      layout_loops_ring, minmay_puff
D:3:      layout_basic, led_sif_book
D:4:      layout_basic, old_standard_altar, kennysheep_little_box,
          minmay_temple_entry_gardened_gates
D:5:      layout_layer_cave, nicolae_gozag_zags_fifth_avenue, first_ration,
          roderic_lattice_a
D:6:      layout_basic, nicolae_ru_sacrificial_ziggurat, serial_shops,
          nicolae_shop_crystal
D:7:      layout_basic, grunt_livestock, uniq_joseph
D:8:      layout_rooms, zin_angel

Skill      XL: |  1  2  3  4  5  6  7  8  9 |
---------------+----------------------------+-----
Dodging        | 1 2 3 4 |  4.6
Long Blades    | 3 4 5 6 7 |  7.4
Armour         | 2 3 4 5 |  5.0
Throwing       | 1 2 3 4 |  4.5
Evocations     | 1 2 3 4 |  4.8
Fighting       | 4 5 6 |  6.0

Action                   |  1- 3 |  4- 6 |  7- 9 || total
-------------------------+-------+-------+-------++-------
Melee: Falchion          |    84 |   211 |   283 ||   578
       Headbutt          |    14 |    36 |    81 ||   131
       Bite              |       |       |     8 ||     8
Throw: Dart              |       |     1 |    31 ||    32
       Boomerang         |       |       |    10 ||    10
  Use: Scroll            |       |     7 |     2 ||     9
       Potion            |       |     4 |     2 ||     6
 Stab: Sleeping          |       |     3 |       ||     3
       Confused          |       |     2 |     3 ||     5
       Paralysed         |       |     1 |     2 ||     3
       Invisible         |       |     1 |     3 ||     4
       Distracted        |       |     1 |       ||     1
  Eat: Chunk             |       |     5 |     2 ||     7
       Ration            |       |     2 |     2 ||     4
Armor: Leather armour    |    35 |    61 |    27 ||   123
       Plate armour      |       |       |    93 ||    93
Dodge: Dodged            |    70 |   115 |   111 ||   296
Block: Other             |       |    14 |    60 ||    74
       Reflection        |       |       |     3 ||     3
       Rpst.: Falchion   |    20 |    35 |    32 ||    87
